TOP OF THE 1ST |
Spartanburg Spartans batting - Pitching for Greenwood Grizzlies : LHP Manny Villanueba
|
Pitching: LHP Manny Villanueba
|
|
Batting: SHB Michael Vanderburg
|
0-0: Swinging Strike 0-1: Ball 1-1: Ball 2-1: Called Strike 2-2: Strikes out swinging
|
Batting: RHB Ron Dillard
|
0-0: Ball 1-0: Ground out 5-3 (Groundball, 56, EV 101.3 MPH)
|
Batting: RHB Gib Seibert
|
0-0: Ball 1-0: Ball 2-0: Ball 3-0: Called Strike 3-1: Base on Balls
|
Batting: LHB John Hennell
|
0-0: Swinging Strike 0-1: Foul Ball, location: 2F 0-2: Ball 1-2: Ball 2-2: Ball 3-2: Strikes out swinging
|
Top of the 1st over - 0 runs, 0 hits, 0 errors, 1 left on base; Spartanburg 0 - Greenwood 0 |
BOTTOM OF THE 1ST |
Greenwood Grizzlies batting - Pitching for Spartanburg Spartans : LHP Chuck Cary
|
Pitching: LHP Chuck Cary
|
|
Batting: RHB Dave Gallagher
|
0-0: Ball 1-0: Ground out 4-3 (Groundball, 34, EV 108.1 MPH)
|
Batting: RHB Robert Weirum
|
0-0: Ball 1-0: Called Strike 1-1: Ground out 5-3 (Groundball, 56, EV 91.9 MPH)
|
Batting: LHB Mike Greenwell
|
0-0: Fly out, F7 (Flyball, 7, EV 85.6 MPH)
|
Bottom of the 1st over - 0 runs, 0 hits, 0 errors, 0 left on base; Spartanburg 0 - Greenwood 0 |
TOP OF THE 2ND |
Spartanburg Spartans batting - Pitching for Greenwood Grizzlies : LHP Manny Villanueba
|
Batting: RHB Dan Boever
|
0-0: Swinging Strike 0-1: Ball 1-1: Ground out 5-3 (Groundball, 56, EV 96.3 MPH)
|
Batting: RHB Rigo Rodriguez
|
0-0: Fly out, F9 (Line Drive, 9, EV 97.5 MPH)
|
Batting: LHB Albert Ortiz
|
0-0: Called Strike 0-1: Swinging Strike 0-2: Ground out U3 (Groundball, 34, EV 103.8 MPH)
|
Top of the 2nd over - 0 runs, 0 hits, 0 errors, 0 left on base; Spartanburg 0 - Greenwood 0 |
BOTTOM OF THE 2ND |
Greenwood Grizzlies batting - Pitching for Spartanburg Spartans : LHP Chuck Cary
|
Batting: LHB Daryl Boston
|
0-0: Called Strike 0-1: Swinging Strike 0-2: Foul Ball, location: 2F 0-2: Ball 1-2: Foul Ball, location: 2F 1-2: Foul Ball, location: 2F 1-2: Ball 2-2: Strikes out looking
|
Batting: RHB Jim Sherman
|
0-0: Ground out 6-3 (Groundball, 6, EV 84.4 MPH)
|
Batting: RHB Wes Wesley
|
0-0: Ball 1-0: Ball 2-0: Called Strike 2-1: Ball 3-1: Base on Balls
|
Batting: RHB Frank Castro
|
0-0: Ball 1-0: Called Strike 1-1: Called Strike 1-2: Fly out, F8 (Flyball, 8RD, EV 88.1 MPH)
|
Bottom of the 2nd over - 0 runs, 0 hits, 0 errors, 1 left on base; Spartanburg 0 - Greenwood 0 |
TOP OF THE 3RD |
Spartanburg Spartans batting - Pitching for Greenwood Grizzlies : LHP Manny Villanueba
|
Batting: LHB Ronn Van Krevelen
|
0-0: Called Strike 0-1: SINGLE (Flyball, 89S, EV 88.8 MPH)
|
Batting: RHB Robin Dreizler
|
0-0: Ball 1-0: Foul Ball, location: 2F 1-1: Grounds into double play, 4-6-3 (Groundball, 4M, EV 110.0 MPH)
|
Batting: SHB Michael Vanderburg
|
0-0: Foul Ball, location: 2F 0-1: SOLO HOME RUN (Line Drive, 7D, EV 106.3 MPH), Distance : 364 ft
|
Batting: RHB Ron Dillard
|
0-0: Foul Ball, location: 2F 0-1: Ball 1-1: Ball 2-1: Ground out U3 (Groundball, 3, EV 90.6 MPH)
|
Top of the 3rd over - 1 run, 2 hits, 0 errors, 0 left on base; Spartanburg 1 - Greenwood 0 |
BOTTOM OF THE 3RD |
Greenwood Grizzlies batting - Pitching for Spartanburg Spartans : LHP Chuck Cary
|
Batting: RHB Jordan Chavez
|
0-0: Foul Ball, location: 2F 0-1: Swinging Strike 0-2: Ball 1-2: Ground out 6-3 (Groundball, 6, EV 85.6 MPH)
|
Batting: RHB Carlos Urias
|
0-0: Called Strike 0-1: Ground out 4-3 (Groundball, 34, EV 103.1 MPH)
|
Batting: RHB Dave Gallagher
|
0-0: Ball 1-0: DOUBLE (Groundball, 5L, EV 108.1 MPH)
|
Batting: RHB Robert Weirum
|
0-0: Ball 1-0: Ball 2-0: Called Strike 2-1: Fly out, F9 (Flyball, 9LM, EV 91.3 MPH)
|
Bottom of the 3rd over - 0 runs, 1 hit, 0 errors, 1 left on base; Spartanburg 1 - Greenwood 0 |
TOP OF THE 4TH |
Spartanburg Spartans batting - Pitching for Greenwood Grizzlies : LHP Manny Villanueba
|
Batting: RHB Gib Seibert
|
0-0: Called Strike 0-1: Foul Ball, location: 2F 0-2: Ball 1-2: Strikes out swinging
|
Batting: LHB John Hennell
|
0-0: Ball 1-0: Foul Ball, location: 2F 1-1: Swinging Strike 1-2: Foul Ball, location: 2F 1-2: Foul Ball, location: 2F 1-2: Ball 2-2: Ball 3-2: Fly out, F7 (Flyball, 7D, EV 107.5 MPH)
|
Batting: RHB Dan Boever
|
0-0: Ball 1-0: Ball 2-0: Called Strike 2-1: Ball 3-1: Foul Ball, location: 2F 3-2: Fly out, F8 (Flyball, 8LXD, EV 88.8 MPH)
|
Top of the 4th over - 0 runs, 0 hits, 0 errors, 0 left on base; Spartanburg 1 - Greenwood 0 |
BOTTOM OF THE 4TH |
Greenwood Grizzlies batting - Pitching for Spartanburg Spartans : LHP Chuck Cary
|
Batting: LHB Mike Greenwell
|
0-0: Ball 1-0: Swinging Strike 1-1: Ball 2-1: DOUBLE (Line Drive, 78D, EV 106.9 MPH)
|
Batting: LHB Daryl Boston
|
0-0: Swinging Strike 0-1: Fly out, F7 (Flyball, 7D, EV 95.0 MPH) Runner from 2nd tags up, SAFE at 3rd, no throw by LF
|
Batting: RHB Jim Sherman
|
0-0: Called Strike 0-1: Ball 1-1: Ball 2-1: Ball 3-1: Foul Ball, location: 2F 3-2: Strikes out swinging
|
Batting: RHB Wes Wesley
|
0-0: Ground out 4-3 (Groundball, 4, EV 90.0 MPH)
|
Bottom of the 4th over - 0 runs, 1 hit, 0 errors, 1 left on base; Spartanburg 1 - Greenwood 0 |
TOP OF THE 5TH |
Spartanburg Spartans batting - Pitching for Greenwood Grizzlies : LHP Manny Villanueba
|
Batting: RHB Rigo Rodriguez
|
0-0: Ball 1-0: Ball 2-0: Ball 3-0: Base on Balls
|
Batting: LHB Albert Ortiz
|
0-0: Foul Ball, location: 2F 0-1: Foul Ball, location: 2F 0-2: Ball 1-2: Grounds into double play, 6-4-3 (Groundball, 6M, EV 98.1 MPH)
|
Batting: LHB Ronn Van Krevelen
|
0-0: Swinging Strike 0-1: Foul Ball, location: 2F 0-2: Ball 1-2: Ball 2-2: Ground out 4-3 (Groundball, 4S, EV 88.8 MPH)
|
Top of the 5th over - 0 runs, 0 hits, 0 errors, 0 left on base; Spartanburg 1 - Greenwood 0 |
BOTTOM OF THE 5TH |
Greenwood Grizzlies batting - Pitching for Spartanburg Spartans : LHP Chuck Cary
|
Batting: RHB Frank Castro
|
0-0: Called Strike 0-1: DOUBLE (Line Drive, 89M, EV 110.0 MPH)
|
Batting: RHB Jordan Chavez
|
0-0: Swinging Strike 0-1: Ball 1-1: Ball 2-1: Fly out, F8 (Flyball, 8LM, EV 86.3 MPH)
|
Batting: RHB Carlos Urias
|
0-0: Foul Ball, location: 2F 0-1: Called Strike 0-2: Fly out, F7 (Flyball, 7, EV 73.1 MPH)
|
Batting: RHB Dave Gallagher
|
0-0: Ball 1-0: Ball 2-0: Ball 3-0: Called Strike 3-1: Called Strike 3-2: Base on Balls
|
Batting: RHB Robert Weirum
|
0-0: Fielders Choice at 2nd, 5-4 (Groundball, 56, EV 88.8 MPH)
|
Bottom of the 5th over - 0 runs, 1 hit, 0 errors, 2 left on base; Spartanburg 1 - Greenwood 0 |
TOP OF THE 6TH |
Spartanburg Spartans batting - Pitching for Greenwood Grizzlies : LHP Manny Villanueba
|
Batting: RHB Robin Dreizler
|
0-0: Reached on error, E6 (Groundball, 6, EV 97.5 MPH)
|
Batting: SHB Michael Vanderburg
|
0-0: Ball 1-0: Foul Ball, location: 2F 1-1: Ball 2-1: Ball 3-1: Called Strike 3-2: Base on Balls Robin Dreizler to second
|
Batting: RHB Ron Dillard
|
0-0: Called Strike 0-1: Called Strike 0-2: Ball 1-2: Fly out, F8 (Line Drive, 8RM, EV 85.0 MPH)
|
Batting: RHB Gib Seibert
|
0-0: Ball 1-0: Called Strike 1-1: Foul Ball, location: 2F 1-2: Ball 2-2: Fly out, F8 (Flyball, 78D, EV 86.9 MPH)
|
Batting: LHB John Hennell
|
0-0: Called Strike 0-1: Foul Ball, location: 2F 0-2: Ball 1-2: Ball 2-2: Ball 3-2: Fly out, F6 (Popup, 6S, EV 61.3 MPH)
|
Top of the 6th over - 0 runs, 0 hits, 1 error, 2 left on base; Spartanburg 1 - Greenwood 0 |
BOTTOM OF THE 6TH |
Greenwood Grizzlies batting - Pitching for Spartanburg Spartans : LHP Chuck Cary
|
Batting: LHB Mike Greenwell
|
0-0: Ball 1-0: Ball 2-0: Foul Ball, location: 2F 2-1: Foul Ball, location: 2F 2-2: Ball 3-2: Base on Balls
|
Batting: LHB Daryl Boston
|
0-0: Fly out, F8 (Flyball, 8RM, EV 86.9 MPH)
|
Batting: RHB Jim Sherman
|
0-0: Called Strike 0-1: Swinging Strike 0-2: Strikes out swinging
|
Batting: RHB Wes Wesley
|
0-0: Ball 1-0: Ball 2-0: Called Strike 2-1: Ball 3-1: SINGLE (Line Drive, 56, EV 99.4 MPH) Mike Greenwell to second
|
Batting: RHB Frank Castro
|
0-0: Foul Ball, location: 2F 0-1: Ball 1-1: Ball 2-1: Swinging Strike 2-2: Ball 3-2: Foul Ball, location: 2F 3-2: Base on Balls Mike Greenwell to third Wes Wesley to second
|
Batting: RHB Jordan Chavez
|
0-0: Ground out 5-3 (Groundball, 56S, EV 66.3 MPH)
|
Bottom of the 6th over - 0 runs, 1 hit, 0 errors, 3 left on base; Spartanburg 1 - Greenwood 0 |
TOP OF THE 7TH |
Spartanburg Spartans batting - Pitching for Greenwood Grizzlies : LHP Manny Villanueba
|
Batting: RHB Dan Boever
|
0-0: Ball 1-0: Ball 2-0: Ball 3-0: Called Strike 3-1: SOLO HOME RUN (Flyball, 7LD, EV 92.5 MPH), Distance : 359 ft
|
Batting: RHB Rigo Rodriguez
|
0-0: Ball 1-0: Ground out 6-3 (Groundball, 6M, EV 101.9 MPH)
|
Batting: LHB Albert Ortiz
|
0-0: Fly out, F7 (Flyball, 7LS, EV 85.6 MPH)
|
Batting: LHB Ronn Van Krevelen
|
0-0: Ball 1-0: Ball 2-0: Ball 3-0: Called Strike 3-1: Called Strike 3-2: Foul Ball, location: 2F 3-2: Ground out 4-3 (Groundball, 34, EV 98.8 MPH)
|
Top of the 7th over - 1 run, 1 hit, 0 errors, 0 left on base; Spartanburg 2 - Greenwood 0 |
BOTTOM OF THE 7TH |
Greenwood Grizzlies batting - Pitching for Spartanburg Spartans : LHP Chuck Cary
|
Batting: RHB Carlos Urias
|
0-0: Ball 1-0: Called Strike 1-1: Called Strike 1-2: Foul Ball, location: 2F 1-2: Ball 2-2: Ground out 5-3 (Groundball, 5, EV 87.5 MPH)
|
Batting: RHB Dave Gallagher
|
0-0: Called Strike 0-1: Foul Ball, location: 2F 0-2: Strikes out swinging
|
Batting: RHB Robert Weirum
|
0-0: Called Strike 0-1: Fly out, F8 (Line Drive, 8RD, EV 93.1 MPH)
|
Bottom of the 7th over - 0 runs, 0 hits, 0 errors, 0 left on base; Spartanburg 2 - Greenwood 0 |
TOP OF THE 8TH |
Spartanburg Spartans batting - Pitching for Greenwood Grizzlies : LHP Manny Villanueba
|
Batting: RHB Robin Dreizler
|
0-0: Ground out U3 (Groundball, 3, EV 85.6 MPH)
|
Batting: SHB Michael Vanderburg
|
0-0: Called Strike 0-1: Ball 1-1: Fly out, F9 (Flyball, 9, EV 93.8 MPH)
|
Batting: RHB Ron Dillard
|
0-0: Ball 1-0: Foul Ball, location: 2F 1-1: Ball 2-1: Foul Ball, location: 2F 2-2: Ball 3-2: Foul Ball, location: 2F 3-2: Foul Ball, location: 2F 3-2: Base on Balls
|
Batting: RHB Gib Seibert
|
0-0: Foul Ball, location: 2F 0-1: Foul Ball, location: 2F 0-2: Ball 1-2: Ball 2-2: Ball Ron Dillard steals 2nd base 3-2: Intentional Walk
|
Batting: LHB John Hennell
|
0-0: Called Strike 0-1: Ball 1-1: Ball 2-1: Swinging Strike 2-2: Foul Ball, location: 2F 2-2: Ball Wild Pitch! Ron Dillard to third Gib Seibert to second 3-2: Ground out U3 (Groundball, 3, EV 105.6 MPH)
|
Top of the 8th over - 0 runs, 0 hits, 0 errors, 2 left on base; Spartanburg 2 - Greenwood 0 |
BOTTOM OF THE 8TH |
Greenwood Grizzlies batting - Pitching for Spartanburg Spartans : LHP Chuck Cary
|
Batting: LHB Mike Greenwell
|
0-0: Foul Ball, location: 2F 0-1: Ball 1-1: Called Strike 1-2: Fly out, F3 (Flyball, 34D, EV 77.5 MPH)
|
Batting: LHB Daryl Boston
|
0-0: Ground out 5-3 (Groundball, 56S, EV 85.0 MPH)
|
Batting: RHB Jim Sherman
|
0-0: Ball 1-0: Ball 2-0: Called Strike 2-1: Foul Ball, location: 2F 2-2: Ball 3-2: SINGLE (Groundball, 56D, EV 95.0 MPH)
|
Batting: RHB Wes Wesley
|
0-0: Fielders Choice at 2nd, 5-4 (Groundball, 56, EV 84.4 MPH)
|
Bottom of the 8th over - 0 runs, 1 hit, 0 errors, 1 left on base; Spartanburg 2 - Greenwood 0 |
TOP OF THE 9TH |
Spartanburg Spartans batting - Pitching for Greenwood Grizzlies : LHP Manny Villanueba
|
Pitching: RHP Byron Jackson
|
|
Batting: RHB Dan Boever
|
0-0: Called Strike 0-1: Ball 1-1: SINGLE (Groundball, 4MD, EV 106.3 MPH) (infield hit)
|
Batting: RHB Rigo Rodriguez
|
0-0: Bunted foul 0-1: Bunt - Flyout to 13! F1
|
Batting: LHB Albert Ortiz
|
0-0: Foul Ball, location: 2F 0-1: Foul Ball, location: 2F 0-2: SINGLE (Groundball, 6S, EV 66.9 MPH) (infield hit) Dan Boever to second
|
Batting: LHB Ronn Van Krevelen
|
0-0: Ball 1-0: Ball 2-0: Ball 3-0: Called Strike 3-1: Fly out, F7 (Flyball, 7LS, EV 96.3 MPH)
|
Batting: RHB Robin Dreizler
|
0-0: Called Strike 0-1: Swinging Strike 0-2: Foul Ball, location: 2F 0-2: Strikes out swinging
|
Top of the 9th over - 0 runs, 2 hits, 0 errors, 2 left on base; Spartanburg 2 - Greenwood 0 |
BOTTOM OF THE 9TH |
Greenwood Grizzlies batting - Pitching for Spartanburg Spartans : LHP Chuck Cary
|
Batting: RHB Frank Castro
|
0-0: Called Strike 0-1: Fly out, F6 (Flyball, 56D, EV 86.3 MPH)
|
Batting: RHB Jordan Chavez
|
0-0: Called Strike 0-1: Ball 1-1: Ball 2-1: Ball 3-1: Base on Balls
|
Batting: RHB Carlos Urias
|
0-0: Ball 1-0: Ball 2-0: Ball 3-0: Called Strike 3-1: Called Strike 3-2: Foul Ball, location: 2F 3-2: Base on Balls Jordan Chavez to second
|
Batting: RHB Dave Gallagher
|
0-0: Foul Ball, location: 2F 0-1: Foul Ball, location: 2F 0-2: Ball 1-2: Foul Ball, location: 2F 1-2: Strikes out swinging
|
Batting: RHB Robert Weirum
|
0-0: Ball 1-0: Ground out 4-3 (Groundball, 4, EV 85.6 MPH)
|
Bottom of the 9th over - 0 runs, 0 hits, 0 errors, 2 left on base; Spartanburg 2 - Greenwood 0 |
|